 Dungeon Crawl Stone Soup version 0.22-a0-608-g8a62e23 (webtiles) character file.

48 sking99 the Insei (level 3, 0/29 HPs)
             Began as a Draconian Transmuter on July 9, 2018.
             Slain by Robin
             ... wielding a +3 dagger
              (2 damage)
             ... on level 2 of the Dungeon.
             The game lasted 00:01:24 (1556 turns).

sking99 the Insei (Draconian Transmuter)            Turns: 1556, Time: 00:01:25

Health: 0/29       AC:  5    Str: 17    XL:     3   Next: 50%
Magic:  6/6        EV: 12    Int: 13    God:
Gold:   90         SH:  0    Dex: 12    Spells: 5/6 levels left

rFire    . . .     SeeInvis .     - Unarmed
rCold    . . .     Gourm    .   (no shield)
rNeg     . . .     Faith    .   (armour unavailable)
rPois    .         Spirit   .   (helmet restricted)
rElec    .         Reflect  .   (no cloak)
rCorr    .         Harm     .   (no gloves)
MR       .....                  (no boots)
Stlth    +.........             (no amulet)
HPRegen  0.09/turn              (no ring)
MPRegen  0.10/turn              (no ring)

@: mighty
A: unfitting armour, cold-blooded, AC +5
a: no special abilities


You were on level 2 of the Dungeon.
You were not hungry.

You visited 1 branch of the dungeon, and saw 2 of its levels.

You collected 90 gold pieces.

Inventory:

Missiles
 a - 23 arrows
Jewellery
 f - an uncursed ring of magical power {unknown}
 h - a cursed ring of loudness {unknown}
Scrolls
 d - 6 scrolls of teleportation {unknown}
 g - a scroll of fear {unknown}
 i - a scroll of enchant weapon {unknown}
 k - a scroll of identify {unknown}
 l - a scroll of magic mapping {unknown}
Potions
 e - a potion of might
 j - a potion of cancellation {unknown}
Comestibles
 b - a chunk of flesh
 c - 4 rations


   Skills:
 + Level 2.0 Fighting
 - Level 1.7 Dodging
 * Level 3.8 Unarmed Combat
 - Level 2.0 Spellcasting
 + Level 2.6 Transmutations


You had 5 spell levels left.
You knew the following spells:

 Your Spells              Type           Power        Failure   Level  Hunger
a - Beastly Appendage     Tmut           #.....       9%          1    ##.....

Your spell library contained the following spells:

 Spells                   Type           Power        Failure   Level  Hunger
 Spider Form              Tmut/Pois      #.........   41%         3    ####...
 Blade Hands              Tmut           #.........   94%         5    ######.
 Ice Form                 Ice/Tmut       #.......     83%         4    #####..
 Sticks to Snakes         Tmut           #.......     13%         2    ###....


Dungeon Overview and Level Annotations

Branches:
Dungeon (2/15)

Altars:

Annotations:
D:2 Robin


Innate Abilities, Weirdness & Mutations

Your plain brown scales are hard. (AC +5)
You cannot fit into any form of body armour.
You are cold-blooded and may be slowed by cold attacks.


Message History

Robin hits you with an enchanted dagger.
* * * LOW HITPOINT WARNING * * *
You closely miss Robin.
Robin is lightly wounded.
Robin barely misses you.
You hit Robin.
Robin is moderately wounded.
Robin hits you with an enchanted dagger.
* * * LOW HITPOINT WARNING * * *
It was a potion of might.
You feel very mighty all of a sudden.
Robin hits you with an enchanted dagger.
* * * LOW HITPOINT WARNING * * *
You hit Robin.
Robin is heavily wounded.
Robin completely misses you.
You hit Robin.
Your tail-slap misses Robin.
Robin is severely wounded.
Robin hits you with an enchanted dagger.
You die...

'....'.....>.....#
#....#######.....#
#....# ###+#.#
#....# #####+#.#
#....# #.......#
###### #.......#
#.......#
#####.#)# #.#@#
#.#g# #.#....#
#.##...# .....
.#..... .+..... .#
.... # .# ..#.


You could see Robin.

Vanquished Creatures
  An adder (D:2)
  A dart slug (D:1)
  A leopard gecko (D:1)
  3 giant cockroaches
  9 goblins
  7 hobgoblins
  3 kobolds
  2 bats
  4 rats
31 creatures vanquished.

Notes
Turn   | Place    | Note
-------+----------+-------------------------------------------
     0 | D:1      | sking99 the Draconian Transmuter began the quest for the Orb.
     0 | D:1      | Reached XP level 1. HP: 16/16 MP: 3/3
   374 | D:1      | Reached XP level 2. HP: 18/23 MP: 5/5
  1322 | D:2      | Reached XP level 3. HP: 21/29 MP: 6/6
  1519 | D:2      | Noticed Robin
  1556 | D:2      | Slain by Robin

Vault maps used:
D:1:      minmay_arrival_three_doors, minivault_4
D:2:      okawaru_gym_becter, uniq_robin

Skill      XL: |  1  2  3 |
---------------+----------+-----
Fighting       | 2 |  2.0
Dodging        | |  1.7
Unarmed Combat | |  3.8
Spellcasting   | |  2.0
Transmutations | |  2.6

Action                   || total
-------------------------++-------
Melee: Unarmed           ||   122
       Tailslap          ||     8
       Headbutt          ||     2
 Cast: Beastly Appendage ||     1
  Use: Potion            ||     1
 Stab: Sleeping          ||     1
  Eat: Chunk             ||     2
Armor: Skin              ||    27
Dodge: Dodged            ||    74

Table legend:
 A = Spawn XP
 B = Non-spawn XP
 C = Spawn XP percentage of total XP
 D = Spawn monster count
 E = Non-spawn monster count
 F = Spawn count percentage of total count
 G = Total turns spent on level
                    A         B        C        D         E        F      G
               +---------+---------+-------+---------+---------+-------+---------
         Total |       0 |      69 |   0.0 |       0 |      31 |   0.0 |  1556
               +---------+---------+-------+---------+---------+-------+---------
           D:1 |       0 |      27 |   0.0 |       0 |      14 |   0.0 |  1234
           D:2 |       0 |      42 |   0.0 |       0 |      17 |   0.0 |   322
               +---------+---------+-------+---------+---------+-------+---------
